[Event "3rd Gujarat GM Open 2022"]
[Site "Ahmedabad"]
[Date "2022.04.02"]
[Round "1.1"]
[White "Delgado Ramirez, Neuris"]
[Black "Rajveer Pinkesh Nahar"]
[Result "1-0"]
[ECO "C47"]
[WhiteElo "2615"]
[BlackElo "1476"]
[Annotator "ChessBase"]
[PlyCount "63"]
[EventDate "2022.03.31"]
[EventType "swiss"]
[EventCountry "IND"]
[SourceTitle "playchess.com"]
[Source "ChessBase"]
[SourceQuality "1"]
[TimeControl "5400+30"]

1. e4 e5 2. Nf3 Nc6 3. Nc3 Nf6 4. Be2 Bb4 5. Nd5 Bc5 6. d3 Nxd5 7. exd5 Ne7 8. Nxe5 d6 9. Nf3 Nxd5 10. Bg5 Ne7 11. d4 Bb6 12. h3 h6 13. Bh4 Bf5 14. O-O g5 15. Bg3 Qd7 16. c4 O-O 17. Rc1 c6 18. Qb3 Be6 19. Rfd1 Bc7 20. d5 Bf5 21. dxc6 bxc6 22. Qc3 Rad8 23. Bf1 Bg6 24. Ne5 Qe6 25. Ng4 f5 26. Re1 Qd7 27. Nf6+ Rxf6 28. Qxf6 Re8 29. Bd3 Kh7 30. Re6 Bd8 31. Bxf5 Bxf5 32. Qf7+ 1-0

[Event "3rd Gujarat GM Open 2022"]
[Site "Ahmedabad"]
[Date "2022.04.02"]
[Round "1.2"]
[White "Khedkar Prasad"]
[Black "Savchenko, Boris"]
[Result "0-1"]
[ECO "E46"]
[WhiteElo "1467"]
[BlackElo "2535"]
[Annotator "ChessBase"]
[PlyCount "122"]
[EventDate "2022.03.31"]
[EventType "swiss"]
[EventCountry "IND"]
[SourceTitle "playchess.com"]
[Source "ChessBase"]
[SourceQuality "1"]
[TimeControl "5400+30"]

1. d4 Nf6 2. c4 e6 3. Nc3 Bb4 4. e3 O-O 5. Nge2 d5 6. a3 Be7 7. cxd5 exd5 8. Nf4 c6 9. Bd3 Na6 10. O-O Nc7 11. f3 a5 12. Bd2 c5 13. Kh1 c4 14. Bc2 b5 15. Nce2 Bb7 16. g4 b4 17. axb4 Bxb4 18. Ba4 Qd6 19. Ng3 g6 20. Bc3 Bc6 21. Bxc6 Qxc6 22. g5 Nd7 23. e4 f6 24. gxf6 Rxf6 25. Nxd5 Nxd5 26. exd5 Qxd5 27. Ne4 Rb6 28. Qa4 Rf8 29. Rae1 Rb5 30. Re3 Nb6 31. Qc2 Qf5 32. Qe2 Qf7 33. Bxb4 Rxb4 34. Ng5 Qf5 35. Ne6 Rb8 36. Nc5 Nd5 37. Re5 Qf7 38. Na6 Rxb2 39. Qxc4 Rd8 40. Nc5 Qf4 41. Re2 Rxe2 42. Qxe2 Qxd4 43. Ne6 Qe3 44. Qxe3 Nxe3 45. Ra1 Rd1+ 46. Rxd1 Nxd1 47. Nc5 Nb2 48. Kg2 a4 49. Kf2 Kf7 50. Ke2 a3 51. Kd2 a2 52. Nb3 Kf6 53. Kc3 Nd1+ 54. Kc2 Ne3+ 55. Kd3 Nf5 56. Ke4 g5 57. h3 h5 58. f4 g4 59. hxg4 hxg4 60. Kd3 g3 61. Ke2 Nd4+ 0-1

[Event "3rd Gujarat GM Open 2022"]
[Site "Ahmedabad"]
[Date "2022.04.02"]
[Round "1.3"]
[White "Stany, G.A."]
[Black "Pawar Sohum"]
[Result "1-0"]
[ECO "B31"]
[WhiteElo "2517"]
[BlackElo "1458"]
[Annotator "ChessBase"]
[PlyCount "107"]
[EventDate "2022.03.31"]
[EventType "swiss"]
[EventCountry "IND"]
[SourceTitle "playchess.com"]
[Source "ChessBase"]
[SourceQuality "1"]
[TimeControl "5400+30"]

1. e4 c5 2. Nf3 Nc6 3. Bb5 g6 4. Bxc6 dxc6 5. d3 Bg7 6. h3 Qc7 7. Nc3 e5 8. Be3 b6 9. Qd2 h6 10. Nh2 f5 11. exf5 gxf5 12. f4 Be6 13. fxe5 Bxe5 14. O-O-O O-O-O 15. Nf3 Bg3 16. Ne2 Bd6 17. Kb1 Qg7 18. Bf4 Ne7 19. Bxd6 Rxd6 20. Nf4 Bf7 21. Rhf1 Rhd8 22. Rde1 Nd5 23. Nxd5 Bxd5 24. Nh4 Rf6 25. Nxf5 Bxa2+ 26. Ka1 Rxf5 27. Rxf5 Bd5 28. g4 c4 29. Qc3 Qxc3 30. bxc3 Rd7 31. Rf6 Rh7 32. dxc4 Bg2 33. Re3 h5 34. g5 Kb7 35. Rf2 Bxh3 36. Rxh3 Ka6 37. g6 Rg7 38. Rg2 b5 39. Rxh5 bxc4 40. Rh7 Rxg6 41. Rxg6 Kb6 42. Rxa7 Kxa7 43. Rxc6 Kb7 44. Rxc4 Kb6 45. Kb2 Kb5 46. Kb3 Kb6 47. Kb4 Ka6 48. Rc5 Kb6 49. c4 Kb7 50. Kb5 Ka7 51. Rc7+ Ka8 52. Kb6 Kb8 53. c5 Ka8 54. Rc8# 1-0

[Event "3rd Gujarat GM Open 2022"]
[Site "Ahmedabad"]
[Date "2022.04.02"]
[Round "1.4"]
[White "Sajitha B"]
[Black "Harsha Bharathakoti"]
[Result "0-1"]
[ECO "D02"]
[WhiteElo "1455"]
[BlackElo "2499"]
[Annotator "ChessBase"]
[PlyCount "88"]
[EventDate "2022.03.31"]
[EventType "swiss"]
[EventCountry "IND"]
[SourceTitle "playchess.com"]
[Source "ChessBase"]
[SourceQuality "1"]
[TimeControl "5400+30"]

1. d4 d5 2. Bf4 Nf6 3. e3 c5 4. c3 Nc6 5. Nd2 Bf5 6. Ngf3 Qb6 7. Qc1 h6 8. Be2 e6 9. O-O Rc8 10. h3 Be7 11. Rd1 O-O 12. Bh2 Rfd8 13. Nf1 c4 14. Re1 Qa5 15. a3 b5 16. Bd1 Qb6 17. Bc2 a5 18. Bxf5 exf5 19. Qc2 g6 20. N1d2 Bd6 21. Bxd6 Rxd6 22. Ne5 Re6 23. f4 Ne8 24. Kh1 Nd6 25. g4 Ne7 26. Nd7 Qb7 27. Nc5 Rxc5 28. dxc5 d4+ 29. Kh2 d3 30. Qd1 Ne4 31. Nf3 fxg4 32. hxg4 Nf2 33. c6 Nxc6 34. Qd2 Nxg4+ 35. Kh3 Nf6 36. Rg1 Nd5 37. Rae1 Re4 38. Kh2 Qe7 39. f5 Ne5 40. Nxe5 Rh4+ 41. Kg2 Qxe5 42. Rh1 Qe4+ 43. Kg3 Rg4+ 44. Kf2 Qg2# 0-1

[Event "3rd Gujarat GM Open 2022"]
[Site "Ahmedabad"]
[Date "2022.04.02"]
[Round "1.5"]
[White "Venkatesh, M.R."]
[Black "Jain, Kushagra"]
[Result "1-0"]
[ECO "B23"]
[WhiteElo "2493"]
[BlackElo "1452"]
[Annotator "ChessBase"]
[PlyCount "66"]
[EventDate "2022.03.31"]
[EventType "swiss"]
[EventCountry "IND"]
[SourceTitle "playchess.com"]
[Source "ChessBase"]
[SourceQuality "1"]
[TimeControl "5400+30"]

1. e4 c5 2. Nc3 a6 3. g3 b5 4. Bg2 Bb7 5. d3 e6 6. f4 Nf6 7. Nf3 d5 8. e5 Nfd7 9. O-O Nc6 10. f5 exf5 11. Nxd5 Be7 12. Nf4 Nf8 13. c3 Ne6 14. d4 cxd4 15. Nxd4 Bc5 16. Be3 O-O 17. Nxf5 Bxe3+ 18. Nxe3 Qg5 19. Ng4 Rfd8 20. Qe2 Ncd4 21. cxd4 Nxd4 22. Qf2 Bxg2 23. Nxg2 Qxg4 24. Qxf7+ Kh8 25. Rae1 h6 26. e6 Re8 27. e7 Kh7 28. Rf2 Rac8 29. Nh4 a5 30. Qd5 Rc7 31. Rf8 Ne2+ 32. Rxe2 Rc1+ 33. Kf2 Ra8 1-0

[Event "3rd Gujarat GM Open 2022"]
[Site "Ahmedabad"]
[Date "2022.04.02"]
[Round "1.6"]
[White "Aditi Yogesh Kayal"]
[Black "Fawzy, Adham"]
[Result "0-1"]
[ECO "B33"]
[WhiteElo "1449"]
[BlackElo "2476"]
[Annotator "ChessBase"]
[PlyCount "110"]
[EventDate "2022.03.31"]
[EventType "swiss"]
[EventCountry "IND"]
[SourceTitle "playchess.com"]
[Source "ChessBase"]
[SourceQuality "1"]
[TimeControl "5400+30"]

1. e4 c5 2. Nf3 Nc6 3. d4 cxd4 4. Nxd4 Nf6 5. Nc3 e5 6. Ndb5 d6 7. Bg5 a6 8. Na3 b5 9. Bxf6 gxf6 10. Nd5 Bg7 11. Bd3 Ne7 12. c4 f5 13. Nxe7 Qxe7 14. cxb5 d5 15. bxa6 O-O 16. O-O fxe4 17. Bb5 Rd8 18. Qe2 Qe6 19. Rac1 Bxa6 20. Rfd1 Bb7 21. Rc7 Qb6 22. Rdc1 Rac8 23. Rxc8 Rxc8 24. Rxc8+ Bxc8 25. Qc2 Be6 26. Qc6 Qd4 27. Qc1 Qb4 28. Qc3 Qxc3 29. bxc3 Bf8 30. Nc2 Bc5 31. a4 d4 32. cxd4 exd4 33. Kf1 f5 34. g3 Bb3 35. Na1 Bd1 36. Ke1 Bh5 37. Nc2 Kf7 38. h3 Kf6 39. Bc4 Ke5 40. Ba6 d3 41. Ne3 Bb4+ 42. Kf1 Be2+ 43. Kg1 Bf3 44. Kf1 Bc5 45. Ke1 Be2 46. Nc4+ Kd4 47. Kd2 Bb4+ 48. Kc1 d2+ 49. Nxd2 Bxa6 50. Nb3+ Kd3 51. Kd1 Bc4 52. Nc1+ Kd4 53. Ne2+ Ke5 54. Nf4 Bb3+ 55. Ke2 Bxa4 0-1

[Event "3rd Gujarat GM Open 2022"]
[Site "Ahmedabad"]
[Date "2022.04.02"]
[Round "1.7"]
[White "Chanda, Sandipan"]
[Black "Ruchit D Acharya"]
[Result "1-0"]
[ECO "A95"]
[WhiteElo "2485"]
[BlackElo "1445"]
[Annotator "ChessBase"]
[PlyCount "61"]
[EventDate "2022.03.31"]
[EventType "swiss"]
[EventCountry "IND"]
[SourceTitle "playchess.com"]
[Source "ChessBase"]
[SourceQuality "1"]
[TimeControl "5400+30"]

1. d4 f5 2. g3 Nf6 3. Bg2 e6 4. c4 Be7 5. Nc3 O-O 6. Nf3 d5 7. O-O c6 8. Rb1 Ne4 9. Qc2 Qa5 10. a3 b5 11. b4 Qc7 12. c5 Bf6 13. Bf4 Qe7 14. Nxe4 fxe4 15. Bd6 Qf7 16. Ne5 Bxe5 17. dxe5 Re8 18. f3 exf3 19. Rxf3 Qg6 20. Rbf1 Nd7 21. e4 Bb7 22. Rf7 Bc8 23. Qf2 h6 24. exd5 exd5 25. Qd4 Qe6 26. Bh3 Qxh3 27. e6 Nf6 28. Rxg7+ Kh8 29. Rxf6 Kxg7 30. Rf7+ Kg6 31. Rg7+ 1-0

[Event "3rd Gujarat GM Open 2022"]
[Site "Ahmedabad"]
[Date "2022.04.02"]
[Round "2.1"]
[White "Saypuri Srithan"]
[Black "Delgado Ramirez, Neuris"]
[Result "0-1"]
[ECO "B30"]
[WhiteElo "1824"]
[BlackElo "2615"]
[Annotator "ChessBase"]
[PlyCount "100"]
[EventDate "2022.03.31"]
[EventType "swiss"]
[EventCountry "IND"]
[SourceTitle "playchess.com"]
[Source "ChessBase"]
[SourceQuality "1"]
[TimeControl "5400+30"]

1. e4 c5 2. Nf3 Nc6 3. Bb5 e6 4. O-O Nge7 5. d4 cxd4 6. Nxd4 b6 7. Bg5 Nxd4 8. Qxd4 f6 9. Be3 Bb7 10. f4 a6 11. Be2 Ng6 12. Nc3 Bc5 13. Qd2 Qc7 14. Rad1 Bxe3+ 15. Qxe3 O-O 16. Qd2 Bc6 17. f5 Ne5 18. Qd6 Qxd6 19. Rxd6 Kf7 20. fxe6+ dxe6 21. Bc4 Nxc4 22. Rxc6 Rfc8 23. Rxc8 Rxc8 24. Rb1 b5 25. a3 Rc6 26. a4 bxa4 27. Nxa4 Nd2 28. Rc1 Nb3 29. Rd1 Rxc2 30. Rd7+ Kg6 31. Rd6 e5 32. Rxa6 Nd2 33. b4 Nxe4 34. h3 Nc3 35. Nxc3 Rxc3 36. Ra7 Rb3 37. Rb7 Rb2 38. b5 h5 39. b6 h4 40. Kf1 f5 41. Rb8 e4 42. b7 Kg5 43. Ke1 Kf4 44. Kd1 Kg3 45. Kc1 Rb6 46. Kd2 f4 47. Kc3 f3 48. gxf3 exf3 49. Kd3 f2 50. Ke2 Rb2+ 0-1

[Event "3rd Gujarat GM Open 2022"]
[Site "Ahmedabad"]
[Date "2022.04.02"]
[Round "2.2"]
[White "Savchenko, Boris"]
[Black "Abhay Bandewar"]
[Result "1-0"]
[ECO "D00"]
[WhiteElo "2535"]
[BlackElo "1804"]
[Annotator "ChessBase"]
[PlyCount "69"]
[EventDate "2022.03.31"]
[EventType "swiss"]
[EventCountry "IND"]
[SourceTitle "playchess.com"]
[Source "ChessBase"]
[SourceQuality "1"]
[TimeControl "5400+30"]

1. d4 d5 2. Bf4 c5 3. e3 Nc6 4. c3 Nf6 5. Nd2 e6 6. Bd3 Bd6 7. Bxd6 Qxd6 8. f4 cxd4 9. cxd4 Qb4 10. Qb1 Ng4 11. a3 Qb6 12. Nf1 Nxe3 13. Nxe3 Qxd4 14. Kf2 Qxf4+ 15. Nf3 Ne5 16. Re1 Nxf3 17. g3 Qf6 18. Ng4 Qg5 19. Kxf3 Qh5 20. Qc2 O-O 21. h3 f5 22. Kg2 fxg4 23. hxg4 Qxg4 24. Bxh7+ Kh8 25. Re3 Rf6 26. Rh1 Qg5 27. Rb3 Rh6 28. Bg6 Bd7 29. Rxh6+ Qxh6 30. Rxb7 Bc6 31. Re7 d4+ 32. Qxc6 Qd2+ 33. Kg1 Qe1+ 34. Kh2 Qd2+ 35. Qg2 1-0

[Event "3rd Gujarat GM Open 2022"]
[Site "Ahmedabad"]
[Date "2022.04.02"]
[Round "2.3"]
[White "Tamhankar, Siddhant"]
[Black "Stany, G.A."]
[Result "0-1"]
[ECO "B06"]
[WhiteElo "1804"]
[BlackElo "2517"]
[Annotator "ChessBase"]
[PlyCount "62"]
[EventDate "2022.03.31"]
[EventType "swiss"]
[EventCountry "IND"]
[SourceTitle "playchess.com"]
[Source "ChessBase"]
[SourceQuality "1"]
[TimeControl "5400+30"]

1. e4 g6 2. d4 Bg7 3. Nc3 d6 4. Bc4 c6 5. Bb3 b5 6. a3 Nf6 7. Nge2 O-O 8. O-O e5 9. Bg5 Qb6 10. dxe5 dxe5 11. Be3 Qc7 12. f3 a5 13. Qe1 Ba6 14. Qf2 Nbd7 15. Rfd1 Rfe8 16. Nc1 Rac8 17. Nd3 c5 18. Bd5 Bf8 19. a4 b4 20. Nb5 Bxb5 21. axb5 Nxd5 22. exd5 Nb6 23. f4 Nxd5 24. Nxe5 Rxe5 25. fxe5 Qxe5 26. Rxd5 Qxd5 27. Rxa5 Rb8 28. Qf3 Qd7 29. b6 Rxb6 30. Ra8 Rc6 31. Bh6 Rc8 0-1

[Event "3rd Gujarat GM Open 2022"]
[Site "Ahmedabad"]
[Date "2022.04.02"]
[Round "2.4"]
[White "Harsha Bharathakoti"]
[Black "Adireddy Arjun"]
[Result "1-0"]
[ECO "B91"]
[WhiteElo "2499"]
[BlackElo "1796"]
[Annotator "ChessBase"]
[PlyCount "43"]
[EventDate "2022.03.31"]
[EventType "swiss"]
[EventCountry "IND"]
[SourceTitle "playchess.com"]
[Source "ChessBase"]
[SourceQuality "1"]
[TimeControl "5400+30"]

1. e4 c5 2. Nc3 a6 3. g3 b5 4. Bg2 Bb7 5. Nge2 d6 6. O-O Nf6 7. d4 cxd4 8. Nxd4 g6 9. Re1 Qc7 10. a4 bxa4 11. Nd5 Nxd5 12. exd5 Nd7 13. Rxa4 Nb6 14. Ra3 Nxd5 15. Rb3 Nb6 16. Bxb7 Qxb7 17. Nf3 Rb8 18. Qxd6 e6 19. Qd4 Rg8 20. Bf4 Bg7 21. Qd6 e5 22. Bxe5 1-0

[Event "3rd Gujarat GM Open 2022"]
[Site "Ahmedabad"]
[Date "2022.04.02"]
[Round "2.5"]
[White "Vrashank Chouhan"]
[Black "Venkatesh, M.R."]
[Result "1-0"]
[ECO "B07"]
[WhiteElo "1790"]
[BlackElo "2493"]
[Annotator "ChessBase"]
[PlyCount "63"]
[EventDate "2022.03.31"]
[EventType "swiss"]
[EventCountry "IND"]
[SourceTitle "playchess.com"]
[Source "ChessBase"]
[SourceQuality "1"]
[TimeControl "5400+30"]

1. d4 Nf6 2. Bf4 g6 3. Nc3 Bg7 4. e4 d6 5. Qd2 h6 6. f3 Nbd7 7. O-O-O Nf8 8. h4 a6 9. Qe1 N6d7 10. e5 Ne6 11. Bh2 dxe5 12. dxe5 b5 13. f4 Bb7 14. Nf3 Qc8 15. h5 Ndc5 16. b4 Na4 17. Nxa4 bxa4 18. Bd3 O-O 19. Nh4 c5 20. hxg6 cxb4 21. Qxb4 Nc5 22. gxf7+ Rxf7 23. Bg6 Rf8 24. Bg1 Ne6 25. Nf5 Qc7 26. Bb6 a5 27. Qxe7 Qxe7 28. Nxe7+ Kh8 29. f5 Bxe5 30. fxe6 Bxg2 31. Rxh6+ Kg7 32. Be3 1-0

[Event "3rd Gujarat GM Open 2022"]
[Site "Ahmedabad"]
[Date "2022.04.02"]
[Round "2.6"]
[White "Fawzy, Adham"]
[Black "Lakshyesh Mohan Gupta"]
[Result "1-0"]
[ECO "C68"]
[WhiteElo "2476"]
[BlackElo "1777"]
[Annotator "ChessBase"]
[PlyCount "101"]
[EventDate "2022.03.31"]
[EventType "swiss"]
[EventCountry "IND"]
[SourceTitle "playchess.com"]
[Source "ChessBase"]
[SourceQuality "1"]
[TimeControl "5400+30"]

1. e4 e5 2. Nf3 Nc6 3. Bb5 a6 4. Bxc6 dxc6 5. O-O Bd6 6. d4 exd4 7. Qxd4 f6 8. Be3 Ne7 9. Nbd2 Ng6 10. Nc4 Be6 11. Nxd6+ Qxd6 12. Qxd6 cxd6 13. Nd4 Bc4 14. Rfd1 O-O 15. Nf5 d5 16. b3 Be2 17. Rd2 Bg4 18. Nd6 dxe4 19. Nxb7 Rfb8 20. Nd6 Rd8 21. h3 Be6 22. Nxe4 Rxd2 23. Bxd2 Bf5 24. Nd6 Bxc2 25. Rc1 Rd8 26. Bb4 Bd3 27. Rxc6 Ne7 28. Rc1 Nd5 29. Bc5 Nf4 30. Kh2 Bg6 31. b4 Ne2 32. Re1 Nc3 33. f4 Nb5 34. f5 Bf7 35. Nxf7 Kxf7 36. Re7+ Kg8 37. Re6 Ra8 38. a4 Nc3 39. a5 Nb5 40. g4 Nc7 41. Rd6 Nb5 42. Rc6 h6 43. Kg3 Kf7 44. Kf4 Nc3 45. Ke3 Nb5 46. Re6 Re8 47. Rxe8 Kxe8 48. Ke4 Nc7 49. Bd6 Nb5 50. Kd5 Na7 51. Bc5 1-0

[Event "3rd Gujarat GM Open 2022"]
[Site "Ahmedabad"]
[Date "2022.04.02"]
[Round "2.7"]
[White "Chandrajeet Singh Rajawat"]
[Black "Chanda, Sandipan"]
[Result "1/2-1/2"]
[ECO "B97"]
[WhiteElo "1789"]
[BlackElo "2485"]
[Annotator "ChessBase"]
[PlyCount "100"]
[EventDate "2022.03.31"]
[EventType "swiss"]
[EventCountry "IND"]
[SourceTitle "playchess.com"]
[Source "ChessBase"]
[SourceQuality "1"]
[TimeControl "5400+30"]

1. e4 c5 2. Nf3 d6 3. d4 cxd4 4. Nxd4 Nf6 5. Nc3 a6 6. Bg5 e6 7. f4 Qb6 8. Qd2 Qxb2 9. Rb1 Qa3 10. f5 Be7 11. fxe6 Bxe6 12. Nxe6 fxe6 13. Bc4 Nbd7 14. Bxe6 Nc5 15. Bf5 g6 16. Bh3 Nfxe4 17. Nxe4 Nxe4 18. Qd4 Qc3+ 19. Qxc3 Nxc3 20. Bxe7 Kxe7 21. Rb3 Ne4 22. Rxb7+ Kf6 23. O-O+ Kg5 24. g3 Rab8 25. Ra7 Nc5 26. Rf4 h5 27. Bf1 Rb2 28. h4+ Kh6 29. a4 Rxc2 30. Bxa6 Nxa6 31. Rxa6 Rb8 32. Rf2 Rc3 33. Kh2 Rbb3 34. Rxd6 Rxg3 35. Rd4 Rh3+ 36. Kg1 Rbg3+ 37. Rg2 Ra3 38. Rf2 Rhb3 39. Rff4 Rb2 40. Rf2 Ra1+ 41. Rf1 Raa2 42. Rff4 Rc2 43. Rb4 Rc3 44. Rbd4 Rg3+ 45. Kf1 Rga3 46. Kg1 Rb3 47. Rb4 Rg3+ 48. Kf1 Rh2 49. Rbd4 Ra3 50. Kg1 Rb2 1/2-1/2

[Event "3rd Gujarat GM Open 2022"]
[Site "Ahmedabad"]
[Date "2022.04.02"]
[Round "3.1"]
[White "Delgado Ramirez, Neuris"]
[Black "Anadkat Kartavya"]
[Result "1-0"]
[ECO "C70"]
[WhiteElo "2615"]
[BlackElo "2241"]
[Annotator "ChessBase"]
[PlyCount "57"]
[EventDate "2022.03.31"]
[EventType "swiss"]
[EventCountry "IND"]
[SourceTitle "playchess.com"]
[Source "ChessBase"]
[SourceQuality "1"]
[TimeControl "5400+30"]

1. e4 e5 2. Nf3 Nc6 3. Bb5 a6 4. Ba4 f5 5. Bxc6 bxc6 6. O-O fxe4 7. Nxe5 Nf6 8. d4 Bb7 9. Nc3 Qe7 10. Re1 d6 11. Nc4 d5 12. Na5 O-O-O 13. Na4 Qb4 14. Nxb7 Qxb7 15. Bg5 Bd6 16. Rc1 h6 17. Bxf6 gxf6 18. c4 Rdg8 19. cxd5 cxd5 20. Re3 Kd8 21. Nc5 Qc8 22. Qb3 Qf5 23. Nb7+ Ke7 24. Nxd6 cxd6 25. Rc7+ Ke6 26. f3 Rxg2+ 27. Kxg2 Qg5+ 28. Kh1 f5 29. fxe4 1-0

[Event "3rd Gujarat GM Open 2022"]
[Site "Ahmedabad"]
[Date "2022.04.02"]
[Round "3.2"]
[White "Arpita, Mukherjee"]
[Black "Savchenko, Boris"]
[Result "1/2-1/2"]
[ECO "C84"]
[WhiteElo "2260"]
[BlackElo "2535"]
[Annotator "ChessBase"]
[PlyCount "77"]
[EventDate "2022.03.31"]
[EventType "swiss"]
[EventCountry "IND"]
[SourceTitle "playchess.com"]
[Source "ChessBase"]
[SourceQuality "1"]
[TimeControl "5400+30"]

1. e4 e5 2. Nf3 Nc6 3. Bb5 a6 4. Ba4 Nf6 5. d3 d6 6. c3 b5 7. Bc2 Be7 8. O-O O-O 9. Re1 Re8 10. h3 h6 11. Nbd2 d5 12. Nf1 Be6 13. exd5 Qxd5 14. Qe2 Bf8 15. a4 b4 16. a5 b3 17. c4 Qc5 18. Bxb3 e4 19. dxe4 Nxa5 20. Ba4 Bxc4 21. Qc2 Bb5 22. e5 Nd7 23. e6 Rxe6 24. Rxe6 fxe6 25. Qg6 Bxa4 26. Qxe6+ Kh8 27. Rxa4 Qxc1 28. Qxd7 Qc6 29. Ne5 Qxd7 30. Nxd7 Nb3 31. Nxf8 Rxf8 32. Rxa6 Nc1 33. f3 Rb8 34. Rc6 Ne2+ 35. Kh2 Rxb2 36. Rxc7 Nf4 37. Ne3 Re2 38. Rc4 Nxh3 39. Kxh3 1/2-1/2

[Event "3rd Gujarat GM Open 2022"]
[Site "Ahmedabad"]
[Date "2022.04.02"]
[Round "3.3"]
[White "Stany, G.A."]
[Black "Aradhya, Garg"]
[Result "1/2-1/2"]
[ECO "C70"]
[WhiteElo "2517"]
[BlackElo "2236"]
[Annotator "ChessBase"]
[PlyCount "128"]
[EventDate "2022.03.31"]
[EventType "swiss"]
[EventCountry "IND"]
[SourceTitle "playchess.com"]
[Source "ChessBase"]
[SourceQuality "1"]
[TimeControl "5400+30"]

1. e4 e5 2. Nf3 Nc6 3. Bb5 a6 4. Ba4 Bc5 5. O-O d6 6. c3 Bd7 7. d4 Ba7 8. Re1 Nf6 9. Be3 O-O 10. h3 Re8 11. d5 Ne7 12. Bxa7 Rxa7 13. c4 b5 14. Bb3 Ng6 15. Re3 Qb8 16. Nbd2 Nf4 17. Kh2 c6 18. dxc6 Bxc6 19. cxb5 axb5 20. Rc1 Qa8 21. Qc2 Bd7 22. Ng5 d5 23. exd5 h6 24. Ngf3 Qb8 25. d6 Qxd6 26. Ne4 Nxe4 27. Qxe4 Ng6 28. Rd1 Qf6 29. Qd5 Rc7 30. Qd6 Qxd6 31. Rxd6 Kf8 32. Rb6 f6 33. Nd2 Ne7 34. Ne4 Nf5 35. Rc3 Rec8 36. Bc2 Nd4 37. Bd3 f5 38. Rxc7 Rxc7 39. Nc3 e4 40. Bf1 Be8 41. a3 Rc5 42. Rb7 Re5 43. Rb6 f4 44. Rd6 Nf5 45. Rd8 Ke7 46. Rd5 Ke6 47. Rxe5+ Kxe5 48. Bxb5 Bxb5 49. Nxb5 Nd4 50. Nc3 Nb3 51. a4 g5 52. Kg1 Kd4 53. Kf1 Kd3 54. Ke1 h5 55. h4 gxh4 56. Nd5 f3 57. Nf4+ Kc2 58. Kf1 Kxb2 59. gxf3 exf3 60. Kg1 Ka3 61. Ng6 Kxa4 62. Nxh4 Nd4 63. Kh2 Kb4 64. Kg3 Kc4 1/2-1/2

[Event "3rd Gujarat GM Open 2022"]
[Site "Ahmedabad"]
[Date "2022.04.02"]
[Round "3.4"]
[White "De Silva, L M S T"]
[Black "Harsha Bharathakoti"]
[Result "1/2-1/2"]
[ECO "B31"]
[WhiteElo "2220"]
[BlackElo "2499"]
[Annotator "ChessBase"]
[PlyCount "60"]
[EventDate "2022.03.31"]
[EventType "swiss"]
[EventCountry "IND"]
[SourceTitle "playchess.com"]
[Source "ChessBase"]
[SourceQuality "1"]
[TimeControl "5400+30"]

1. e4 c5 2. Nf3 Nc6 3. Bb5 g6 4. O-O Bg7 5. c3 Nf6 6. Re1 O-O 7. d4 d5 8. e5 Ne4 9. Bxc6 bxc6 10. Be3 Qb6 11. Qc1 cxd4 12. cxd4 a5 13. Nc3 Nxc3 14. Qxc3 Bg4 15. Rac1 Bxf3 16. gxf3 Ra6 17. Bg5 Re8 18. Qd2 Qb7 19. Rc2 e6 20. Re3 a4 21. Rec3 Rb6 22. Qc1 Rc8 23. Kg2 h5 24. a3 Kh7 25. Qd2 Bf8 26. Qf4 Kg8 27. Qc1 Kh7 28. Qf4 Kg8 29. Qc1 Kh7 30. Qf4 Kg8 1/2-1/2

[Event "3rd Gujarat GM Open 2022"]
[Site "Ahmedabad"]
[Date "2022.04.02"]
[Round "3.5"]
[White "Suvrajit, Saha"]
[Black "Fawzy, Adham"]
[Result "0-1"]
[ECO "A49"]
[WhiteElo "2198"]
[BlackElo "2476"]
[Annotator "ChessBase"]
[PlyCount "126"]
[EventDate "2022.03.31"]
[EventType "swiss"]
[EventCountry "IND"]
[SourceTitle "playchess.com"]
[Source "ChessBase"]
[SourceQuality "1"]
[TimeControl "5400+30"]

1. d4 Nf6 2. Nf3 g6 3. g3 b5 4. Bg2 Bb7 5. O-O Bg7 6. Na3 a6 7. c4 b4 8. Nc2 a5 9. Re1 Be4 10. Ne3 O-O 11. a3 Na6 12. axb4 Nxb4 13. Bd2 d6 14. Bc3 e6 15. Nd2 Bxg2 16. Nxg2 Nd7 17. Nb3 c5 18. dxc5 dxc5 19. Bxg7 Kxg7 20. Qc1 a4 21. Rd1 Qe7 22. Rxd7 Qxd7 23. Qc3+ e5 24. Nxc5 Qd4 25. Qxb4 a3 26. Rxa3 Rfb8 27. Ne6+ fxe6 28. Qe7+ Kh6 29. Ne3 Rxa3 30. bxa3 Qe4 31. Nf1 Rb1 32. Qf8+ Kh5 33. Qf3+ Qxf3 34. exf3 Rc1 35. Kg2 Rxc4 36. Nd2 Rc2 37. Ne4 g5 38. h4 gxh4 39. g4+ Kg6 40. Kh3 Ra2 41. Kxh4 Rxa3 42. Kg3 Ra7 43. Nc5 Re7 44. Nd3 Kf6 45. Nc5 Rc7 46. Ne4+ Kg6 47. Kh4 Rf7 48. Kg3 h5 49. Nc5 h4+ 50. Kg2 Rc7 51. Nxe6 Rc6 52. f4 exf4 53. Nxf4+ Kg5 54. Nd5 Kxg4 55. Ne3+ Kg5 56. Nf1 Kf4 57. Ne3 Rh6 58. Nf1 h3+ 59. Kg1 Kf3 60. Nh2+ Ke2 61. Nf1 h2+ 62. Nxh2 Rg6+ 63. Kh1 Kxf2 0-1

[Event "3rd Gujarat GM Open 2022"]
[Site "Ahmedabad"]
[Date "2022.04.02"]
[Round "3.6"]
[White "Mirzoev, Azer"]
[Black "Pandey Srishti"]
[Result "1-0"]
[ECO "D23"]
[WhiteElo "2468"]
[BlackElo "2177"]
[Annotator "ChessBase"]
[PlyCount "85"]
[EventDate "2022.03.31"]
[EventType "swiss"]
[EventCountry "IND"]
[SourceTitle "playchess.com"]
[Source "ChessBase"]
[SourceQuality "1"]
[TimeControl "5400+30"]

1. d4 d5 2. Nf3 Nf6 3. c4 c6 4. Qc2 dxc4 5. Qxc4 Bf5 6. g3 e6 7. Bg2 Be7 8. O-O O-O 9. Nbd2 Qb6 10. Nh4 Rd8 11. Nxf5 exf5 12. e3 Na6 13. a3 Nc7 14. Qc2 g6 15. Nc4 Qa6 16. Bd2 Ncd5 17. Rfc1 c5 18. dxc5 Bxc5 19. Qb3 Qe6 20. Be1 h5 21. Na5 b6 22. Nb7 Rdb8 23. Nxc5 bxc5 24. Qa2 Rc8 25. Rc2 Rab8 26. Rd1 Nf4 27. Qxe6 Nxe6 28. Bc3 Ne4 29. Be5 Rd8 30. Rcc1 Rbc8 31. Bxe4 fxe4 32. Rxd8+ Rxd8 33. Bf6 Rd5 34. Rc4 g5 35. h4 gxh4 36. gxh4 Kh7 37. Rxe4 Kg6 38. Bc3 Rd7 39. Kg2 Nc7 40. Rc4 Rd5 41. e4 Rd3 42. Rxc5 Ne6 43. Rf5 1-0

[Event "3rd Gujarat GM Open 2022"]
[Site "Ahmedabad"]
[Date "2022.04.02"]
[Round "3.7"]
[White "Deshmukh, Anup"]
[Black "Huerga Leache, Mikel"]
[Result "1-0"]
[ECO "A29"]
[WhiteElo "2190"]
[BlackElo "2470"]
[Annotator "ChessBase"]
[PlyCount "69"]
[EventDate "2022.03.31"]
[EventType "swiss"]
[EventCountry "IND"]
[SourceTitle "playchess.com"]
[Source "ChessBase"]
[SourceQuality "1"]
[TimeControl "5400+30"]

1. c4 e5 2. Nc3 Nf6 3. Nf3 Nc6 4. g3 Nd4 5. Nh4 Bb4 6. d3 O-O 7. Bg2 c6 8. O-O d6 9. e3 Bxc3 10. bxc3 Ne6 11. Rb1 Qa5 12. Nf5 Qc7 13. e4 Rd8 14. f4 Kh8 15. Ba3 Ng8 16. d4 f6 17. dxe5 dxe5 18. Nd6 Nh6 19. fxe5 fxe5 20. c5 b6 21. Qh5 bxc5 22. Nxc8 Rdxc8 23. Bh3 Re8 24. Bc1 Ng8 25. Rf7 Qd6 26. Bf5 h6 27. Qg6 Qd1+ 28. Kf2 Qc2+ 29. Ke1 Nf6 30. Rxf6 Ng5 31. Bxg5 Qxb1+ 32. Ke2 Qxa2+ 33. Ke3 Qg8 34. Rf7 Rf8 35. Bf6 1-0